[Event "*** Titled Tuesday Blitz"]
[Site "Chess.com"]
[Date "2021.02.09"]
[Round "4"]
[White "ChessWarrior3"]
[Black "pavlitas17"]
[Result "0-1"]
[WhiteElo "2109"]
[BlackElo "2313"]
[TimeControl "180+1"]
[EndTime "10:39:39 PST"]
[Termination "pavlitas17 won on time"]

1. e4 c5 2. Nf3 d6 3. d4 cxd4 4. Nxd4 Nf6 5. Nc3 g6 6. Be3 Bg7 7.
f3 O-O 8. Qd2 Nc6 9. O-O-O d5 10.
exd5 Nxd5 11. Nxc6 bxc6 12. Bd4 Bxd4 13. Qxd4 Qb6 14.
Nxd5 cxd5 15. Qxb6 axb6 16. Kb1 Bb7 17. Bb5 e5 18.
Rhe1 e4 19. fxe4 dxe4 20. Rd7 Rab8 21. a4 Rfd8 22. Re7 Kf8 23. Rc7 Rdc8 24. Rxb7 Rxb7 25.
Ba6 Rbb8 26. Bxc8 Rxc8 27. Rxe4 Rc5 28. b4 Rg5 29. g4 h5 30. h3 hxg4 31. hxg4 f5 32.
gxf5 gxf5 33. Rf4 Ke7 34. a5 bxa5 35. bxa5 Ke6 36. a6 Rg7 37. Rh4 Ke5 38. Kc1 f4 39. Kd2 Ke4 40. Rh6 Rg2+ 41. Kc3 Rg7 42. Re6+ Kd5 43.
Rf6 Ke4 44. Rf8 f3 45. Kc4 Ke3 46. Re8+ Kd2 47. Rf8 Ke3 48. Kb5 f2 49. c4 Ke2 50.
c5 Rg3 51. a7 Rb3+ 52. Kc6 Rf3 53. Re8+ Kd2 54. a8=Q f1=Q 55. Qa2+ Kc3 56. Qa3+ Kc2 57. Qa4+ Kc3 58. Qa5+ Kc2 59. Qa2+ Kc3 60. Qe2 Rf6+ 61. Kb5 Qb1+ 0-1

[Event "*** Titled Tuesday Blitz"]
[Site "Chess.com"]
[Date "2021.02.09"]
[Round "4"]
[White "Volodar_Murzin"]
[Black "Grammnik"]
[Result "1-0"]
[WhiteElo "2611"]
[BlackElo "2411"]
[TimeControl "180+1"]
[EndTime "10:39:40 PST"]
[Termination "Volodar_Murzin won on time"]

1. e4 c6 2. d4 d5 3. f3 e6 4. Nc3 Nf6 5. Be3 Bb4 6. e5 Nfd7 7. a3 Be7 8. f4 c5 9. Nf3 Nc6 10. Bd3 g6 11. O-O O-O 12. Qd2 a6 13. Qf2 cxd4 14. Nxd4 Nxd4 15. Bxd4 b5 16. Ne2 Bb7 17. c3 Qc7 18. b4 Bc6 19. Qg3 Rfe8 20. f5 exf5 21. Bxf5 Bf8 22. Nf4 Nxe5 23. Nh5 Bg7 24. Rae1 Bh8 25. Bc2 Re6 26. Re3 Rae8 27. Nf4 R6e7 28. Nd3 Nxd3 29. Rxe7 Rxe7 30. Qxd3 Bxd4+ 31. Qxd4 Qe5 32. Kf2 Kg7 33. Re1 Qxd4+ 34. cxd4 Rxe1 35. Kxe1 f5 36. Kd2 Kf6 37. Ke3 g5 38. g3 1-0

[Event "*** Titled Tuesday Blitz"]
[Site "Chess.com"]
[Date "2021.02.09"]
[Round "4"]
[White "Kotofeyca"]
[Black "GoltsevDmitry2000"]
[Result "1/2-1/2"]
[WhiteElo "2440"]
[BlackElo "2715"]
[TimeControl "180+1"]
[EndTime "10:39:41 PST"]
[Termination "Game drawn by repetition"]

1. d4 Nf6 2. c4 e6 3. Nf3 Bb4+ 4. Nbd2 b6 5. a3 Bxd2+ 6. Bxd2 Bb7 7. Bg5 d6 8. e3 Nbd7 9. Be2 h6 10. Bh4 Qe7 11.
O-O g5 12. Bg3 Ne4 13. Nd2 Nxg3 14. fxg3 O-O 15. Bf3 Bxf3 16. Qxf3 f5 17. g4 Nf6 18. gxf5 exf5 19. Rae1 Ne4 20. Nxe4 fxe4 21. Qh5 Kg7 22.
Rxf8 Rxf8 23. Rf1 Rxf1+ 24. Kxf1 c5 25. dxc5 dxc5 26. Qd1 Qf7+ 27. Ke1 Qxc4 28. Qd7+ Qf7 29. Qd6 Qf6 30. Qd7+ Qf7 31. Qd6 Qf6 32. Qd7+ Kg6 33. Qe8+ Kf5 34. Qd7+ Ke5 35. Qxa7 Kd5 36. Qd7+ Kc4 37.
Qa4+ Kd5 38. Qd7+ Ke5 39. Qc7+ Kf5 40. Qh7+ Ke5 41. Qc7+ Kd5 42. Qd7+ 1/2-1/2

[Event "*** Titled Tuesday Blitz"]
[Site "Chess.com"]
[Date "2021.02.09"]
[Round "4"]
[White "Nathan_Filgueiras"]
[Black "rogapa"]
[Result "0-1"]
[WhiteElo "2443"]
[BlackElo "2730"]
[TimeControl "180+1"]
[EndTime "10:39:42 PST"]
[Termination "rogapa won by checkmate"]

1. e4 c5 2. Nf3 d6 3. d4 cxd4 4. Nxd4 Nf6 5. Nc3 a6 6. h3 e6 7. g4 Be7 8. Bg2 Nfd7 9. Be3 b5 10. e5 d5 11. Nxd5 exd5 12. Bxd5 Nb6 13. Bxa8 Nxa8 14. Qf3 Nc7 15. O-O-O Bd7 16. Nf5 O-O 17. Qg3 Nc6 18. Rhe1 Ne6 19. h4 Qc7 20. h5 Re8 21. h6 Nb4 22. c3 Bc6 23. hxg7 Be4 24. Nh6+ Kxg7 25. Nf5+ Kh8 26. Nd4 Nd3+ 27. Rxd3 Bxd3 28. f4 Nc5 29. f5 Be4 30. Rg1 Nd3+ 31. Kd2 b4 32. f6 bxc3+ 33. bxc3 Ba3 34. Nf5 Bb2 35. Bd4 Rc8 36. Qe3 Bxc3+ 37. Bxc3 Qxc3+ 38. Ke2 Qc2+ 39. Qd2 Nf4+ 40. Ke3 Rc3+ 41. Kxf4 Qxd2+ 42. Kxe4 Qe2+ 43. Kf4 Qf2+ 44. Kg5 Qxg1 45. Nh6 Qc1+ 46.
Kh5 Rh3# 0-1

[Event "*** Titled Tuesday Blitz"]
[Site "Chess.com"]
[Date "2021.02.09"]
[Round "4"]
[White "ErikBlomqvist"]
[Black "vovachesss"]
[Result "0-1"]
[WhiteElo "2516"]
[BlackElo "2750"]
[TimeControl "180+1"]
[EndTime "10:39:43 PST"]
[Termination "vovachesss won on time"]

1. e4 e5 2. Bc4 c6 3. Nf3 d6 4. O-O Be7 5. d4 Nd7 6. dxe5 dxe5 7. Ng5 Bxg5 8. Qh5 Qe7 9. Bxg5 Ngf6 10. Qe2 O-O 11.
Nd2 b5 12. Bb3 Nc5 13. a4 bxa4 14. Bxa4 Ba6 15. c4 Rfc8 16. Bc2 Bb7 17. Ra5 Rd8 18. Nf3 h6 19. Bxf6 gxf6 20. Nh4 Kh7 21. Nf5 Qf8 22. Qe3 Ne6 23. c5 Bc8 24. b4 Nd4 25. Nxd4 Rxd4 26. f4 Be6 27. fxe5 fxe5 28.
Bb3 Bxb3 29. Qxb3 Rd7 30. Ra6 Qg7 31. Rxc6 Rg8 32. Qf3 Kh8 33. g3 Re7 34. Qh5 Kh7 35.
Rff6 Rf8 36. Rxh6+ Kg8 37. Rhf6 Rd7 38. Qxe5 Rfd8 0-1

[Event "*** Titled Tuesday Blitz"]
[Site "Chess.com"]
[Date "2021.02.09"]
[Round "4"]
[White "emperor87"]
[Black "Agibileg"]
[Result "1-0"]
[WhiteElo "2713"]
[BlackElo "2500"]
[TimeControl "180+1"]
[EndTime "10:39:43 PST"]
[Termination "emperor87 won by checkmate"]

1. e4 c5 2. Nf3 e6 3. c4 Nc6 4.
Nc3 Nf6 5. Bd3 d6 6. O-O Be7 7. Re1 O-O 8. Bf1 a6 9. d4 cxd4 10. Nxd4 Qc7 11. b3 Ne5 12. Bb2 b6 13. Rc1 Bb7 14.
h3 Rfd8 15. Kh1 Rac8 16. f4 Ng6 17. f5 exf5 18. Nxf5 Bf8 19. Nd5 Nxd5 20. cxd5 Qd7 21. Qd4 Ne5 22. Qxb6 g6 23. Bxe5 dxe5 24. Ne3 Ba3 25.
Ng4 Qd6 26. Qxd6 Rxd6 27. Rxc8+ Bxc8 28. Nxe5 Rf6 29. Nc4 Bb4 30. Rd1 Rf2 31. d6 Bd7 32.
Ne5 Be6 33. Nd3 Rd2 34. Rxd2 Bxd2 35. Nc5 Kf8 36. Nxe6+ fxe6 37. Bxa6 Ke8 38. Bb5+ Kd8 39. Kg1 Bb4 40. d7 Ba3 41. Kf1 e5 42. Ke2 g5 43.
Kd3 h5 44. Kc4 h4 45. Kd5 Bb2 46. Ke6 Bc3 47. a4 Bb2 48. a5 Bc3 49. a6 Bd4 50.
Kd6 Ba7 51. Kxe5 Be3 52. Kd6 Bb6 53. Kc6 Ba7 54. Kb7 Be3 55. a7 Bxa7 56. Kxa7 Kc7 57.
e5 g4 58. hxg4 h3 59. gxh3 Kd8 60. h4 Kc7 61. h5 Kd8 62. h6 Kc7 63. h7 Kd8 64.
h8=Q+ Kc7 65. d8=Q# 1-0

[Event "*** Titled Tuesday Blitz"]
[Site "Chess.com"]
[Date "2021.02.09"]
[Round "4"]
[White "VMikhalevski"]
[Black "Maksimus1998"]
[Result "1-0"]
[WhiteElo "2696"]
[BlackElo "2493"]
[TimeControl "180+1"]
[EndTime "10:39:43 PST"]
[Termination "VMikhalevski won by resignation"]

1. Nf3 Nf6 2. g3 b6 3. Bg2 Bb7 4. O-O c5 5. b3 g6 6. Bb2 Bg7 7. c4 O-O 8. d4 cxd4 9. Qxd4 d6 10. Nc3 Nbd7 11. Nd5 Bxd5 12. cxd5 Nh5 13. Qd2 Bxb2 14. Qxb2 Rc8 15. Nd4 Ne5 16. f4 Ng4 17. Bh3 Nhf6 18. e4 Rc5 19. Nc6 Qc7 20. Qe2 h5 21.
Bg2 b5 22. h3 Nh6 23. Rad1 Rc3 24. Rd3 Rxd3 25. Qxd3 e6 26. Qxb5 exd5 27. exd5 Nf5 28. Qd3 Re8 29. Qc3 Ne4 30. Bxe4 Rxe4 31. Re1 Qb6+ 32.
Kg2 Re3 33. Rxe3 Nxe3+ 34. Kf3 Nxd5 35. Qc1 Qa6 36. Qc4 Qxc4 37. bxc4 Nc3 38. Nxa7 Nxa2 39.
Nb5 Kf8 40. Nxd6 Ke7 41. Nb5 Nb4 42. Ke4 f6 43. Nc3 Ke6 44. Nd5 Nc2 45. Ne3 f5+ 46.
Kd3 Ne1+ 47. Ke2 1-0

[Event "*** Titled Tuesday Blitz"]
[Site "Chess.com"]
[Date "2021.02.09"]
[Round "4"]
[White "lamomiablanca"]
[Black "jens1102"]
[Result "0-1"]
[WhiteElo "2270"]
[BlackElo "2459"]
[TimeControl "180+1"]
[EndTime "10:39:43 PST"]
[Termination "jens1102 won by resignation"]

1. e4 e5 2. Nf3 Nc6 3. Nc3 Nf6 4.
d4 exd4 5. Nxd4 Nxe4 6. Nxe4 Qe7 7. f3 d5 8. Bb5 Bd7 9. Bxc6 bxc6 10. O-O dxe4 11.
fxe4 g6 12. e5 Bg7 13. e6 fxe6 14. c3 c5 15. Ne2 Bb5 16. Be3 Rd8 17. Qe1 Rd3 18.
Nf4 Rxe3 19. Qxe3 Bxf1 20. Rxf1 Bh6 21. Qe5 O-O 22. Rf3 Bxf4 23. Rxf4 Rxf4 24. Qxf4 Qd6 25. Qe3 Qd1+ 26. Kf2 Qd5 27. b3 a5 28. c4 Qd4 29.
Qxd4 cxd4 30. Kf3 Kf7 31. Ke4 e5 32. a3 c5 33. g4 Ke7 34. h4 Kf6 35. Kd3 h5 36.
gxh5 gxh5 37. Ke4 Ke6 38. Kd3 Kf5 39. Kd2 e4 40. Ke2 Kf4 41. Kf2 e3+ 42. Ke2 Ke4 43. Ke1 d3 44. Kd1 Kd4 45. Ke1 Kc3 46. Kd1 Kxb3 0-1

[Event "*** Titled Tuesday Blitz"]
[Site "Chess.com"]
[Date "2021.02.09"]
[Round "4"]
[White "GelmanAlexander"]
[Black "RD4ever"]
[Result "0-1"]
[WhiteElo "2602"]
[BlackElo "2852"]
[TimeControl "180+1"]
[EndTime "10:39:44 PST"]
[Termination "RD4ever won on time"]

1. d4 Nf6 2. Nc3 e6 3. Bf4 Bb4 4.
Qd3 O-O 5. O-O-O d5 6. a3 Be7 7.
e4 c5 8. dxc5 Nbd7 9. exd5 Nxc5 10. Qd4 exd5 11. Nxd5 Nxd5 12. Qxd5 Qb6 13. Nf3 Be6 14. Qh5 Bf6 15. Be5 g6 16. Qh6 Bxe5 17. Nxe5 Na4 18. Nd3 Bf5 19. Qe3 Qa5 20. Qe5 Qb6 21.
Qe3 Qxe3+ 22. fxe3 Rfe8 23. Re1 Re7 24. h3 h5 25. g4 hxg4 26. hxg4 Bxg4 27. Bh3 Bh5 28. e4 Bf3 29. Rhf1 Bxe4 30. Bg2 Rae8 31. Bxe4 Rxe4 32. Rxe4 Rxe4 33. Kd2 Kg7 34. b3 Nb6 35. Nc5 Re7 36. Kd3 Nd5 37. c4 Nf6 38. Kd4 b6 39. Nd3 Rd7+ 40. Kc3 Ne4+ 41. Kc2 f5 42. b4 Kf6 43. Rh1 Rxd3 0-1

[Event "*** Titled Tuesday Blitz"]
[Site "Chess.com"]
[Date "2021.02.09"]
[Round "4"]
[White "bocah_sakit"]
[Black "FGHSMN"]
[Result "1-0"]
[WhiteElo "2843"]
[BlackElo "2628"]
[TimeControl "180+1"]
[EndTime "10:39:44 PST"]
[Termination "bocah_sakit won by resignation"]

1. e4 c5 2. Nf3 e6 3. d4 cxd4 4. Nxd4 a6 5. Bd3 Nf6 6. O-O Qc7 7. Qe2 d6 8. Nc3 Be7 9. Bd2 O-O 10. Kh1 Nbd7 11. f4 b5 12. Rae1 b4 13. Nd1 Qb6 14.
c3 Bb7 15. e5 Nd5 16. Ne3 bxc3 17. bxc3 Rac8 18. Nc4 Qc7 19. exd6 Bxd6 20. Nxe6 fxe6 21. Qxe6+ Kh8 22. Qxd6 Nc5 23. Bc2 Qf7 24. Ne5 Qh5 25.
Nf3 Qg4 26. h3 Qg3 27. Re5 Nxf4 28. Rg5 Qxg5 29. Nxg5 Bxg2+ 30. Kh2 Bxf1 31. Bxf4 Nb7 32. Qe5 Rce8 33. Ne6 Rf6 34. Bb3 Nd8 35. Bg5 Rfxe6 36.
Bxe6 Nxe6 37. Be3 Bc4 38. a3 Kg8 39. Bd4 Kf7 40. Qf5+ Kg8 41. Be5 g6 42. Qe4 Bb5 43. Qd5 Kf7 44. c4 Ba4 45. Qb7+ Re7 46. Qxa6 Nc5 47. Qd6 Nb7 48. Qd5+ Ke8 49. c5 Nd8 50. Bf6 Re2+ 51. Kg3 Ne6 52. Qd6 Kf7 53. Qe7+ Kg8 54.
Qa7 Re3+ 55. Kf2 Re4 56. Qa8+ Kf7 57. Qxe4 1-0

[Event "*** Titled Tuesday Blitz"]
[Site "Chess.com"]
[Date "2021.02.09"]
[Round "4"]
[White "amintabatabaei"]
[Black "francyIM"]
[Result "0-1"]
[WhiteElo "2918"]
[BlackElo "2571"]
[TimeControl "180+1"]
[EndTime "10:39:44 PST"]
[Termination "francyIM won on time"]

1. d4 Nf6 2. Nf3 d6 3. h3 Bf5 4. Bf4 Nbd7 5. e3 h6 6. Bd3 Bxd3 7. cxd3 c6 8. Nc3 g6 9. O-O Bg7 10. a4 a5 11. Qb3 Qb6 12. Qxb6 Nxb6 13. e4 Nfd7 14.
Be3 O-O 15. Nd2 Rfc8 16. f4 c5 17. d5 f5 18. exf5 gxf5 19. Nc4 Bxc3 20. bxc3 Nxd5 21.
Bd2 Kf7 22. Rab1 b6 23. Kh2 Rg8 24. Na3 h5 25. Rf2 Rg6 26. Re1 Rag8 27. Nb5 Re6 28.
Rd1 h4 29. Bc1 Rg3 30. Kh1 N7f6 31. Kh2 c4 32. dxc4 Nxc3 33. Rdf1 Nxb5 34. cxb5 Re4 35.
Rc2 Rxa4 36. Bb2 Nd5 37. Rff2 Rb4 38. Bc1 Rxb5 39. Rc8 Rc5 40. Rc2 Rxc8 41. Rxc8 Rc3 0-1

[Event "*** Titled Tuesday Blitz"]
[Site "Chess.com"]
[Date "2021.02.09"]
[Round "4"]
[White "Kovalchuk94"]
[Black "chescomhuynya"]
[Result "1/2-1/2"]
[WhiteElo "2637"]
[BlackElo "2481"]
[TimeControl "180+1"]
[EndTime "10:39:44 PST"]
[Termination "Game drawn by agreement"]

1. e4 c5 2. Nf3 d6 3. d4 cxd4 4. Nxd4 Nf6 5. Nc3 a6 6. Rg1 e5 7. Nb3 Be6 8. g4 d5 9. exd5 Nxd5 10. Nxd5 Qxd5 11. Qxd5 Bxd5 12. Be3 Nc6 13. O-O-O O-O-O 14. Bb6 Rd7 15. g5 Be6 16. Rxd7 Kxd7 17. Nc5+ Bxc5 18. Bxc5 Kc7 19. c3 Rd8 20. b3 Bf5 21. Be2 Rd7 22.
h4 Ne7 23. c4 Nc6 24. Rd1 Nd4 25. Bf1 b6 26. Bb4 Nf3 27. Rxd7+ Kxd7 28. Bf8 g6 29. c5 b5 30. a4 Kc6 31. axb5+ axb5 32. Bg2 e4 33.
Bxf3 exf3 34. Kd2 b4 35. Be7 Be6 36. Kc2 Kd5 37. Kd3 Kc6 38. Kc2 Bd5 39. Bf8 Kd7 40. c6+ Bxc6 41. Bxb4 Ke6 42. Ba5 Kf5 43. Bc7 f6 44.
gxf6 Kxf6 45. Kd3 Ke6 46. Kd4 h6 47. Bf4 g5 48. hxg5 hxg5 49. Bxg5 Kd7 50. Kc5 Be4 51. Kb6 Kc8 52. Bf4 Bd5 53. b4 Be4 54. Be5 Bb7 55. Bh2 Be4 56. Bf4 Bb7 57. Bd6 Be4 58. Ka7 Bb7 59. Bc5 Be4 60. Be3 Bb7 61. Bd2 Be4 62. Bc3 Bb7 63. Bb2 Be4 64. Ba3 Bb7 65. b5 Be4 66.
Bc5 Bb7 67. Bd4 Be4 68. Be5 Bb7 1/2-1/2

[Event "*** Titled Tuesday Blitz"]
[Site "Chess.com"]
[Date "2021.02.09"]
[Round "4"]
[White "tdf98pantani"]
[Black "Cambek64"]
[Result "1-0"]
[WhiteElo "2739"]
[BlackElo "2344"]
[TimeControl "180+1"]
[EndTime "10:39:44 PST"]
[Termination "tdf98pantani won by resignation"]

1. e4 e6 2. d4 d5 3. Nd2 c5 4. exd5 Qxd5 5. Ngf3 cxd4 6. Bc4 Qd7 7. O-O Nc6 8. Nb3 Nf6 9. Re1 Be7 10. Nbxd4 Nxd4 11. Nxd4 a6 12. a4 Qc7 13. Qe2 O-O 14. Bg5 Qc5 15. Be3 Qc7 16. Bd3 Bd6 17. h3 Nd5 18. Bd2 Nf4 19. Bxf4 Bxf4 20. Qf3 g6 21. c3 Be5 22.
Re4 Bg7 23. Nc2 e5 24. Rc4 Qe7 25. Re1 f5 26. Rb4 e4 27. Bc4+ Be6 28. Bxe6+ Qxe6 29. Qe2 Qc6 30. Nd4 Qd5 31. Qc2 Rac8 32. Rd1 Rfd8 33. Rd2 Kh8 34. Nb3 Qf7 35. Qd1 Bf6 36.
Rb6 Rxd2 37. Qxd2 Rd8 38. Qe2 Rd1+ 39. Qxd1 Qc7 40. Rd6 Be7 41. Rd7 Qe5 42. Qd4 Qxd4 43. Nxd4 Bf6 44. Ne6 Kg8 45. Rxb7 g5 46. c4 f4 47. Kf1 e3 48. fxe3 fxe3 49. Ke2 1-0

[Event "*** Titled Tuesday Blitz"]
[Site "Chess.com"]
[Date "2021.02.09"]
[Round "4"]
[White "LenkaPtacnikova"]
[Black "imdvb6307"]
[Result "0-1"]
[WhiteElo "2157"]
[BlackElo "2380"]
[TimeControl "180+1"]
[EndTime "10:39:44 PST"]
[Termination "imdvb6307 won by resignation"]

1. c4 f5 2. d3 Nf6 3. Nc3 e5 4.
e4 d6 5. g3 Be7 6. Bg2 O-O 7.
Nge2 Nc6 8. O-O Be6 9. Nd5 Qd7 10.
Nxf6+ Bxf6 11. Rb1 a6 12. b3 Kh8 13. Be3 Rf7 14.
d4 exd4 15. Nxd4 Nxd4 16. Bxd4 Bxd4 17. Qxd4 f4 18. Rbd1 Bh3 19. f3 Bxg2 20. Kxg2 Qe7 21. g4 h5 22. h3 Qh4 23. Qf2 Qf6 24. Rd5 g6 25. g5 Qe7 26. h4 a5 27. Rfd1 b6 28.
Qd4+ Kg8 29. e5 dxe5 30. Rxe5 Qa3 31. Rd2 a4 32. Qd5 Rf8 33. Re6 Kh7 34. Qd3 axb3 35. Qxg6+ Kh8 36. Qh6+ Rh7 37. Qxf8+ Qxf8 38. axb3 Re7 39.
Rh6+ Kg7 40. Rc6 Qe8 41. Rf6 Rd7 42. Rf2 Rd4 43. Rf5 Qe3 44. Rf6 Rd2 45. Rxd2 Qxd2+ 46. Kf1 Qe3 47. Kg2 Qe2+ 48. Kg1 Qe1+ 0-1

[Event "*** Titled Tuesday Blitz"]
[Site "Chess.com"]
[Date "2021.02.09"]
[Round "4"]
[White "Kostukov_Alex"]
[Black "Spartakus1975"]
[Result "0-1"]
[WhiteElo "2360"]
[BlackElo "2593"]
[TimeControl "180+1"]
[EndTime "10:39:46 PST"]
[Termination "Spartakus1975 won on time"]

1. g3 d5 2. Bg2 c6 3. d3 Nf6 4. e4 dxe4 5. dxe4 Qxd1+ 6. Kxd1 e5 7. f3 Bc5 8. Nd2 Be6 9. Bh3 Ke7 10. Bxe6 Kxe6 11. Nh3 Nbd7 12. a4 a5 13. Ke2 Rhd8 14.
Nc4 h6 15. Nf2 Bxf2 16. Kxf2 Nc5 17. Be3 Na6 18. Nxa5 Rd7 19. Nc4 Rad8 20. Ke2 Nb4 21. c3 Nc2 22. Rad1 Nxe3 23. Rxd7 Nxd7 24. Kxe3 Nc5 25. Ra1 Ra8 26. a5 Rd8 27. Ke2 Nb3 28. Rd1 Ra8 29. f4 exf4 30. gxf4 Ra6 31. f5+ Ke7 32. Rg1 Kf8 33. e5 Nxa5 34. Nd6 c5 35. Ke3 Nc6 36. Ke4 Ne7 37. Nxb7 Ra4+ 38. Kd3 Nxf5 39. Nxc5 Rh4 40. Rg2 g5 41. b4 Rh3+ 42. Kd2 Ne3 43. Re2 Nc4+ 44. Kc2 g4 45. b5 h5 46. Kb3 Nb6 47. Kb4 Nd5+ 48. Ka5 Rxc3 0-1

[Event "*** Titled Tuesday Blitz"]
[Site "Chess.com"]
[Date "2021.02.09"]
[Round "4"]
[White "AlexSuv"]
[Black "misterlamine"]
[Result "0-1"]
[WhiteElo "2441"]
[BlackElo "2286"]
[TimeControl "180+1"]
[EndTime "10:39:46 PST"]
[Termination "misterlamine won by resignation"]

1. d4 Nf6 2. c4 g6 3. Nc3 Bg7 4. Nf3 d6 5. e4 O-O 6. Be2 Nbd7 7. O-O e5 8. Be3 h6 9. d5 Ng4 10. Bd2 f5 11. exf5 gxf5 12. g3 Nc5 13. Nh4 Nf6 14.
b4 Nce4 15. Be1 Nxc3 16. Bxc3 Ne4 17. Bb2 Ng5 18. Kh1 f4 19. Bg4 f3 20. Bxc8 Qxc8 21. Qc2 Qg4 22. Rae1 Rf7 23. a3 Raf8 24.
c5 e4 25. Bxg7 Rxg7 26. cxd6 cxd6 27. Qc3 Rf4 28. Rc1 Qh3 29. Qc8+ Kh7 30. Qxh3 Nxh3 31. Rc2 Rxh4 32. gxh4 Rg2 33. Re1 Nxf2+ 34. Rxf2 Rxf2 35.
Kg1 Re2 36. Rxe2 fxe2 37. Kf2 Kg6 38. Kxe2 Kf5 39. Ke3 Ke5 40. h5 Kxd5 41. Kf4 Kd4 42. Kf5 e3 43. Kg6 e2 44. Kxh6 e1=Q 45. Kg6 Qe6+ 46.
Kg7 Ke5 47. h6 Qf6+ 48. Kh7 Kf5 49. h4 Qg6+ 50. Kh8 Qxh6+ 0-1

[Event "*** Titled Tuesday Blitz"]
[Site "Chess.com"]
[Date "2021.02.09"]
[Round "4"]
[White "EndGameDestroyer"]
[Black "ErikRonka"]
[Result "0-1"]
[WhiteElo "2232"]
[BlackElo "2434"]
[TimeControl "180+1"]
[EndTime "10:39:46 PST"]
[Termination "ErikRonka won by resignation"]

1. e4 c6 2. d4 d5 3. e5 c5 4. dxc5 e6 5. c4 Bxc5 6. Nc3 Ne7 7. Be2 O-O 8. Nf3 dxc4 9. O-O Nbc6 10. Bxc4 Ng6 11. Ne4 Be7 12. Qe2 Ncxe5 13. Bb3 Qd3 14. Qxd3 Nxd3 15. Be3 b6 16. Rfd1 Ba6 17. Rd2 Bb4 18. Rc2 Rac8 19. a3 Be7 20. Rd2 Rfd8 21. Rad1 Nde5 22. Nd4 Nc4 23. Bxc4 Bxc4 24. Nc6 Rxd2 25.
Nxe7+ Nxe7 26. Rxd2 Bd5 27. Nc3 f6 28. f3 Kf7 29.
Nb5 Ra8 30. Rc2 Bc6 31. Nd4 Rc8 32. Nb5 Bxb5 33. Rd2 Nd5 34. Bd4 e5 35. Be3 Ne7 36.
Kf2 Nc6 37. b3 Rd8 38. Rc2 Ke6 39. a4 Nd4 40. Bxd4 Bd3 41. Rc6+ Kd5 42. Rc8 Rxc8 0-1

[Event "*** Titled Tuesday Blitz"]
[Site "Chess.com"]
[Date "2021.02.09"]
[Round "4"]
[White "Cuajada_Zero"]
[Black "Zmeeed63"]
[Result "0-1"]
[WhiteElo "2203"]
[BlackElo "2415"]
[TimeControl "180+1"]
[EndTime "10:39:47 PST"]
[Termination "Zmeeed63 won on time"]

1. d4 Nf6 2. c4 e6 3. Nc3 c5 4. d5 exd5 5. cxd5 d6 6. e4 g6 7. Nge2 Bg7 8. Ng3 a6 9. a4 O-O 10. Be2 Nbd7 11. O-O Re8 12. f3 h5 13. Bg5 Qa5 14. Qd2 Nh7 15. Bh6 Bd4+ 16. Be3 Bg7 17. Nh1 f5 18. Nf2 Ne5 19. h3 Nf6 20. f4 Nf7 21. exf5 Bxf5 22. Rfe1 h4 23. Bf3 Qb4 24. a5 Nh5 25. Bxh5 gxh5 26. Kh2 Nh6 27. Rg1 Re7 28. g3 Rae8 29. Rae1 hxg3+ 30. Rxg3 h4 31. Rg2 Rxe3 32. Rxe3 Qxf4+ 33. Kg1 Qxe3 34. Qxe3 Rxe3 35. Nfd1 Rxh3 36.
Kf2 Ng4+ 37. Kf1 Kh7 38. Ke2 Rh2 39. Kf3 Rxg2 40. Kxg2 Bd4 41. Kh3 Nf2+ 42. Kxh4 Nxd1 43. Nxd1 Bc2 44. Nc3 Bxc3 45. bxc3 Bb3 46. Kg5 Kg7 47.
Kf5 Bxd5 48. Kf4 Kf6 0-1

[Event "*** Titled Tuesday Blitz"]
[Site "Chess.com"]
[Date "2021.02.09"]
[Round "4"]
[White "Gulkov_Igor"]
[Black "ChessAdvanceUSA"]
[Result "1-0"]
[WhiteElo "2505"]
[BlackElo "2282"]
[TimeControl "180+1"]
[EndTime "10:39:51 PST"]
[Termination "Gulkov_Igor won by resignation"]

1. Nf3 g6 2. e4 Bg7 3. d4 Nc6 4. d5 Nb8 5. c4 c5 6. Be2 d6 7. O-O Nd7 8. Nc3 Ngf6 9. h3 a6 10. a4 O-O 11. Bf4 Ne8 12. Qd2 Ne5 13. Nxe5 dxe5 14.
Be3 Qc7 15. a5 Nd6 16. Bd3 Bd7 17. Na4 Bxa4 18. Rxa4 f5 19. f3 f4 20. Bf2 h5 21. b4 cxb4 22. Qxb4 Nf7 23. Rb1 Nd8 24.
Qb6 Qd7 25. Rab4 Rf6 26. Qc5 g5 27. Rb6 g4 28. fxg4 hxg4 29. hxg4 Rc8 30. Qb4 Qxg4 31.
Qxe7 f3 32. g3 Rxb6 33. Rxb6 Nf7 34. Qe6 Qxe6 35. dxe6 Ng5 36. e7 Kf7 37. Rxb7 Bh6 38. c5 Nh3+ 39. Kf1 Nxf2 40. Kxf2 Rxc5 41. Kxf3 Rxa5 42.
Bc4+ Ke8 43. Bd5 Rc5 44. Bb3 Ra5 45. Kg4 Be3 46. Kf5 Bc5 47. Kf6 Bxe7+ 48. Rxe7+ Kd8 49. Rxe5 Rxe5 50. Kxe5 Ke7 51. g4 1-0

[Event "*** Titled Tuesday Blitz"]
[Site "Chess.com"]
[Date "2021.02.09"]
[Round "4"]
[White "BahadirOzen"]
[Black "NMJeevanK"]
[Result "1-0"]
[WhiteElo "2727"]
[BlackElo "2511"]
[TimeControl "180+1"]
[EndTime "10:39:52 PST"]
[Termination "BahadirOzen won by resignation"]

1. g3 Nf6 2. Bg2 d5 3. d3 e5 4.
Nf3 Bd6 5. O-O c6 6. Nbd2 O-O 7. e4 Nbd7 8. Re1 Re8 9. b3 Qc7 10. Bb2 b6 11. d4 dxe4 12. Nxe5 Nxe5 13. dxe5 Bxe5 14. Bxe5 Rxe5 15. Nxe4 Nxe4 16. Rxe4 Bf5 17. Rxe5 Qxe5 18. Qe1 Qf6 19. Rd1 Rf8 20. h3 c5 21.
Qd2 Qb2 22. c3 Qa3 23. Re1 Be6 24. f4 c4 25. b4 a5 26. bxa5 Qxa5 27. g4 g6 28. Re2 Qc5+ 29. Kh2 Qc7 30. Kh1 Rd8 31. Qe1 Qxf4 32. Rb2 Qc7 33. Qf2 Rd6 34. Rd2 Qd8 35.
Rxd6 Qxd6 36. Qe3 b5 37. g5 Qa3 38. Qd4 Qe7 39. h4 Bf5 40. Kh2 Qe8 41. Qd6 Bd7 42.
Bd5 Qd8 43. Bc6 Qb8 44. Qxb8+ 1-0

[Event "*** Titled Tuesday Blitz"]
[Site "Chess.com"]
[Date "2021.02.09"]
[Round "4"]
[White "AndrewMaco"]
[Black "Grimlock_Glasgow"]
[Result "1-0"]
[WhiteElo "2687"]
[BlackElo "2490"]
[TimeControl "180+1"]
[EndTime "10:39:52 PST"]
[Termination "AndrewMaco won on time"]

1. e4 e5 2. Nf3 d5 3. d4 dxe4 4. Nxe5 Bd6 5. Bc4 Bxe5 6. Qh5 Qe7 7. Qxe5 Qxe5 8. dxe5 Nc6 9. Bf4 Nge7 10. e6 Bxe6 11. Bxe6 fxe6 12. Nc3 Nd5 13. Bd2 Nd4 14. Rc1 Nxc3 15.
Bxc3 e5 16. Kd2 O-O 17. Ke3 c5 18. Rhf1 Rf4 19. g3 Nf5+ 20. Ke2 Rf3 21. Rcd1 Nd4+ 22. Kd2 Raf8 23. Rfe1 Rxf2+ 24. Kc1 Ne2+ 25. Kb1 Nxc3+ 26. bxc3 Rxh2 27. Rxe4 Rg2 28. Rxe5 Rxg3 29. Rd7 b6 30. Rxa7 Rxc3 31. Rg5 g6 32. Re5 Rf7 33. Ra6 Rb7 34.
Re6 Kf7 35. Rexb6 Rxb6+ 36. Rxb6 h5 37. Kb2 Rc4 38. c3 h4 39. Kb3 Rg4 40. Rb7+ Kf6 41. a4 Kg5 42. a5 h3 43. a6 h2 44. Rh7 Rh4 45. a7 h1=Q 46. Rxh4 Kxh4 47. Kc4 1-0

[Event "*** Titled Tuesday Blitz"]
[Site "Chess.com"]
[Date "2021.02.09"]
[Round "4"]
[White "Chessmasterzt"]
[Black "verdest"]
[Result "0-1"]
[WhiteElo "2610"]
[BlackElo "2484"]
[TimeControl "180+1"]
[EndTime "10:39:52 PST"]
[Termination "verdest won on time"]

1. d4 Nf6 2. c4 e6 3. g3 d5 4.
Bg2 Bb4+ 5. Nd2 O-O 6. Nf3 b6 7. O-O Bb7 8. Ne5 Re8 9. Qc2 Bf8 10. Rd1 Nbd7 11. e4 dxe4 12. Nxe4 Nxe4 13. Bxe4 Bxe4 14. Qxe4 Nxe5 15. Qxe5 Qd6 16. Qxd6 cxd6 17. d5 Rac8 18. dxe6 fxe6 19. b3 a6 20. Bf4 e5 21. Be3 b5 22.
cxb5 axb5 23. a4 bxa4 24. bxa4 e4 25. Rd5 g6 26. a5 Bg7 27. Ra2 Be5 28. Ra4 Kf7 29.
Rxe4 Ke6 30. Rb5 d5 31. Ra4 Red8 32. Rb6+ Kf7 33. Rb7+ Ke6 34. Rxh7 d4 35. Bg5 d3 36. Ra2 Rd5 37. Bd2 Rc2 38. Rxc2 dxc2 39. Be3 Rd1+ 40. Kg2 Bd4 41. Bf4 Be5 42. Be3 Bd4 43. Bf4 c1=Q 44.
Bxc1 Rxc1 45. a6 Rc2 46. h4 Rxf2+ 47. Kh3 Ra2 48. a7 Rxa7 49. h5 Rxh7 0-1

[Event "*** Titled Tuesday Blitz"]
[Site "Chess.com"]
[Date "2021.02.09"]
[Round "4"]
[White "ega2006"]
[Black "mr65"]
[Result "1-0"]
[WhiteElo "2398"]
[BlackElo "2111"]
[TimeControl "180+1"]
[EndTime "10:39:52 PST"]
[Termination "ega2006 won on time"]

1. e4 e5 2. Nf3 Nc6 3. Bc4 Nf6 4.
d3 Bc5 5. O-O h6 6. Re1 O-O 7. c3 d5 8. exd5 Nxd5 9. a4 Nb6 10. Bb5 Bd7 11. a5 Nd5 12. Nbd2 Bd6 13. Ne4 Nf4 14. Nxd6 cxd6 15. d4 Qc7 16. Bxf4 exf4 17.
Qd2 d5 18. Bxc6 bxc6 19. Ne5 g5 20. Qd3 Be6 21. g3 fxg3 22. hxg3 c5 23. dxc5 Qxc5 24. Nf3 Qc4 25. Qxc4 dxc4 26. Nd4 Rab8 27. Re2 Bd5 28. f3 Kh7 29. a6 Kg6 30. Ra5 Be6 31. Rc5 h5 32.
Kg2 h4 33. Nxe6 fxe6 34. Rxc4 h3+ 35. Kxh3 Rxf3 36. Rxe6+ Rf6 37. Rxf6+ Kxf6 38. Kg4 Rxb2 39. Rc6+ Kf7 40. Kxg5 Rb5+ 41. Kh4 1-0